[Event "*** Titled Tuesday Blitz"]
[Site "Chess.com"]
[Date "2021.04.20"]
[Round "7"]
[White "Oleksandr_Bortnyk"]
[Black "Hikaru"]
[Result "0-1"]
[WhiteElo "2948"]
[BlackElo "3173"]
[TimeControl "180+1"]
[EndTime "11:15:50 PDT"]
[Termination "Hikaru won by resignation"]

1. e4 c5 2. c3 d5 3. exd5 Qxd5 4. d4 e6 5. Be3 cxd4 6. cxd4 Nf6 7. Nc3 Qd8 8. Nf3 Be7 9. Bd3 O-O 10. O-O Bd7 11. Ne5 Bc6 12. Qe2 Bd5 13. Nxd5 Nxd5 14. Bd2 Nd7 15.
Rac1 Nxe5 16. dxe5 Qb6 17. b3 Rfd8 18. Rc4 Rac8 19.
Rfc1 Rxc4 20. Rxc4 Nb4 21. Bxb4 Bxb4 22. Bxh7+ Kxh7 23. Qh5+ Kg8 24. Rh4 Kf8 25. g3 Ke8 26. Rf4 Rd7 27. h4 Bf8 28. Rc4 Rc7 29. Rf4 Rc1+ 30.
Kh2 Qc7 31. Qe2 Qc6 32. Rf3 Rc2 33. Qd3 Rxa2 34. h5 Rd2 35. Qe3 Bc5 36. Qf4 Qxf3 37.
Qxf3 Rxf2+ 0-1

[Event "*** Titled Tuesday Blitz"]
[Site "Chess.com"]
[Date "2021.04.20"]
[Round "7"]
[White "VMikhalevski"]
[Black "Gerodot71"]
[Result "1-0"]
[WhiteElo "2714"]
[BlackElo "2584"]
[TimeControl "180+1"]
[EndTime "11:15:51 PDT"]
[Termination "VMikhalevski won on time"]

1. Nf3 d5 2. g3 Nf6 3. Bg2 g6 4. O-O Bg7 5. b3 O-O 6. c4 c6 7. Bb2 Nbd7 8. d4 Ne4 9. e3 Ndf6 10. Ne5 Be6 11. Qe2 Nd7 12. Nd3 f6 13. Rc1 Bf7 14. a4 Re8 15. a5 a6 16. cxd5 cxd5 17. Nc3 Nxc3 18. Bxc3 e5 19. Qb2 e4 20. Nc5 Rb8 21.
b4 f5 22. b5 Nf8 23. Qe2 axb5 24. Qxb5 b6 25. Na6 Rb7 26. Rab1 Ree7 27. axb6 Re6 28.
Ba5 Nd7 29. Nc5 Nxc5 30. Rxc5 Bf8 31. Rc7 Re7 32. Rbc1 1-0

[Event "*** Titled Tuesday Blitz"]
[Site "Chess.com"]
[Date "2021.04.20"]
[Round "7"]
[White "Artyom_ChessMate"]
[Black "Sjakkerntobi"]
[Result "1-0"]
[WhiteElo "2547"]
[BlackElo "2388"]
[TimeControl "180+1"]
[EndTime "11:15:51 PDT"]
[Termination "Artyom_ChessMate won by resignation"]

1. e4 e6 2. d4 d5 3. Bd3 dxe4 4. Bxe4 Nf6 5. Bf3 c5 6. Ne2 e5 7. dxe5 Qxd1+ 8. Kxd1 Ng4 9. Bxg4 Bxg4 10. f3 Bf5 11. Ng3 Bd7 12. Nc3 Bc6 13. Be3 Nd7 14. Bf4 O-O-O 15.
Ke2 Be7 16. Nf5 Bf8 17. Kf2 g6 18. Nd6+ Bxd6 19. exd6 f6 20. Rhe1 Rhe8 21. h4 Ne5 22. Rad1 Re6 23. Ne4 Bxe4 24. Rxe4 Rdxd6 25. Rxd6 Rxd6 26.
Bxe5 fxe5 27. Rxe5 Rd2+ 28. Re2 Rd7 29. f4 Kc7 30. g4 Rd4 31. Kf3 Kd6 32. f5 gxf5 33.
gxf5 Rd1 34. Kf4 h6 35. Kg4 Rg1+ 36. Kh5 Rf1 37. Kg6 Rf4 38. h5 b5 39. f6 Rg4+ 40. Kxh6 Rf4 41. Kg7 Rg4+ 42. Kf8 Rh4 43. f7 Rxh5 44.
Ke8 Rf5 45. f8=Q+ Rxf8+ 46. Kxf8 Kc6 47. Kf7 Kb6 48. Ke6 c4 49. Kd5 Ka5 50. c3 a6 51.
Kc5 Ka4 52. Re6 a5 53. Re4 b4 54. cxb4 c3 55. bxc3 axb4 56. cxb4 Ka3 57. b5 1-0

[Event "*** Titled Tuesday Blitz"]
[Site "Chess.com"]
[Date "2021.04.20"]
[Round "7"]
[White "alejogarcia1999"]
[Black "Jungle_Jaguar"]
[Result "0-1"]
[WhiteElo "2458"]
[BlackElo "2702"]
[TimeControl "180+1"]
[EndTime "11:15:52 PDT"]
[Termination "Jungle_Jaguar won by resignation"]

1. d4 Nf6 2. c4 e6 3. Nc3 d5 4.
Nf3 c6 5. e3 Nbd7 6. b3 Bd6 7.
Bd3 e5 8. dxe5 Nxe5 9. Nxe5 Bxe5 10. Bb2 O-O 11. O-O Bxh2+ 12. Kxh2 Ng4+ 13. Kg3 f5 14. cxd5 Qg5 15. Kf3 f4 16. Ke2 Ne5 17. Be4 Bg4+ 18. f3 Bh5 19. exf4 Rxf4 20. Bc1 Qxg2+ 21. Rf2 Rxe4+ 22. Nxe4 Bxf3+ 23. Ke1 Qh1+ 24. Rf1 Qh4+ 25. Nf2 Bxd1 26. Kxd1 Qd4+ 27. Kc2 Qxa1 28. Ne4 cxd5 29. Nc3 Rc8 0-1

[Event "*** Titled Tuesday Blitz"]
[Site "Chess.com"]
[Date "2021.04.20"]
[Round "7"]
[White "eduardoperalta"]
[Black "Nuvas"]
[Result "1-0"]
[WhiteElo "2506"]
[BlackElo "2634"]
[TimeControl "180+1"]
[EndTime "11:15:53 PDT"]
[Termination "eduardoperalta won by resignation"]

1. d4 d5 2. Nf3 Nf6 3. c4 c6 4. Nc3 e6 5. e3 Nbd7 6. Bd3 dxc4 7. Bxc4 b5 8. Bd3 a6 9. O-O c5 10. Qe2 Bb7 11. Rd1 Qb6 12. a3 Be7 13. Ne5 Rd8 14.
Nxd7 Rxd7 15. dxc5 Bxc5 16. b4 Qc6 17. f3 Bb6 18. Bb2 Qc8 19. Rac1 Qa8 20. Nxb5 axb5 21. Bxf6 gxf6 22. Bxb5 Bd5 23. Kh1 Ke7 24. Bxd7 f5 25. Bb5 Rg8 26. Bc4 Bb7 27. Rd3 Rc8 28. Rdc3 Rg8 29. Rd1 Kf6 30. Rcd3 Rg6 31. Qb2+ Ke7 32. Rd7+ Kf8 33. Qh8+ Rg8 34. Qf6 1-0

[Event "*** Titled Tuesday Blitz"]
[Site "Chess.com"]
[Date "2021.04.20"]
[Round "7"]
[White "Vuk2000"]
[Black "ljuks68"]
[Result "1-0"]
[WhiteElo "2727"]
[BlackElo "2455"]
[TimeControl "180+1"]
[EndTime "11:15:54 PDT"]
[Termination "Vuk2000 won by resignation"]

1. e4 e6 2. d4 d5 3. Nc3 Bb4 4. exd5 exd5 5. Bd3 Nf6 6. Bg5 O-O 7. Ne2 Bg4 8. f3 Bh5 9. Qd2 Nbd7 10. O-O-O c6 11. Nf4 Bg6 12. Nxg6 fxg6 13. h4 Qa5 14. a3 Bxc3 15. Qxc3 Qxc3 16. bxc3 Rae8 17. Rde1 Kf7 18.
Bf4 b5 19. Bd6 Rxe1+ 20. Rxe1 Re8 21. Rxe8 Kxe8 22. g4 a5 23. a4 bxa4 24. Bc7 Ke7 25. Kb2 c5 26. Bb5 Ne8 27. Bxa5 Nd6 28. Be2 Nc4+ 29.
Bxc4 dxc4 30. dxc5 Nxc5 31. Bb4 Kd6 32. Ka3 Kd5 33.
Bxc5 Kxc5 34. Kxa4 h5 35. g5 Kd5 36. Kb4 Ke5 37.
Kxc4 Kf4 38. Kd3 Kg3 39. c4 Kxh4 40. c5 Kg3 41. c6 h4 42. c7 h3 43. c8=Q h2 44. Qg4+ 1-0

[Event "*** Titled Tuesday Blitz"]
[Site "Chess.com"]
[Date "2021.04.20"]
[Round "7"]
[White "Zkid"]
[Black "Kretov_Evgenij"]
[Result "1-0"]
[WhiteElo "2838"]
[BlackElo "2663"]
[TimeControl "180+1"]
[EndTime "11:15:59 PDT"]
[Termination "Zkid won by checkmate"]

1. d4 Nf6 2. c4 e6 3. Nf3 d5 4. Nc3 Nbd7 5. cxd5 exd5 6. Bg5 Be7 7. e3 c6 8. Bd3 Nh5 9. h4 Nb6 10. Ne5 g6 11.
Bxe7 Qxe7 12. g4 Ng7 13. g5 Bf5 14. f4 h6 15. Kf2 hxg5 16. Bxf5 Nxf5 17. hxg5 O-O-O 18. Qf3 Kb8 19. Rxh8 Rxh8 20. Rh1 Rxh1 21. Qxh1 Nc4 22.
Qh8+ Kc7 23. Nxc4 dxc4 24. e4 Nd6 25. Qe5 Qd7 26. d5 c5 27. a4 Kb6 28. Kg3 Ka5 29. Qh8 Qe7 30. e5 Nf5+ 31. Kf2 Nd4 32. Qc8 f5 33. d6 Qe6 34. Qxc5+ b5 35. Qxd4 a6 36. axb5 axb5 37. Qa7+ Kb4 38. Qa3# 1-0

[Event "*** Titled Tuesday Blitz"]
[Site "Chess.com"]
[Date "2021.04.20"]
[Round "7"]
[White "Problematique_99"]
[Black "AEMEffi"]
[Result "1-0"]
[WhiteElo "2503"]
[BlackElo "2331"]
[TimeControl "180+1"]
[EndTime "11:16:00 PDT"]
[Termination "Problematique_99 won by resignation"]

1. Nf3 d5 2. g3 c6 3. Bg2 g6 4. O-O Bg7 5. c4 Nf6 6. d4 O-O 7. Qb3 dxc4 8. Qxc4 Bf5 9. Nc3 Nbd7 10. Re1 Ne4 11. Nh4 Be6 12. Qd3 Nxc3 13. bxc3 Nb6 14. e4 Bc4 15. Qc2 e5 16. Nf3 exd4 17. cxd4 Bxd4 18.
Rd1 Bxa1 19. Rxd8 Rfxd8 20. Be3 Bd3 21. Qc1 Bg7 22. e5 Nc4 23. Bg5 Be2 24. Nd2 Rxd2 25. Bxd2 Rd8 26. Bf1 Bxf1 27. Bg5 Nd2 28. Bxd8 1-0

[Event "*** Titled Tuesday Blitz"]
[Site "Chess.com"]
[Date "2021.04.20"]
[Round "7"]
[White "stepakyedael"]
[Black "ChelsieMonica"]
[Result "0-1"]
[WhiteElo "2234"]
[BlackElo "2395"]
[TimeControl "180+1"]
[EndTime "11:16:00 PDT"]
[Termination "ChelsieMonica won on time"]

1. d4 Nf6 2. c4 c5 3. d5 g6 4. Nc3 d6 5. e4 Bg7 6. h3 O-O 7. Nf3 e5 8. Be2 a6 9. a4 Nh5 10. O-O Nf4 11. Bxf4 exf4 12. Bd3 g5 13. Qd2 Nd7 14. e5 Nxe5 15. Nxe5 Bxe5 16. Rae1 f3 17. Ne4 g4 18. hxg4 Bxg4 19. Qg5+ Qxg5 20. Nxg5 fxg2 21. Kxg2 h6 22. Nf3 Bxb2 23. Rb1 Bf6 24. Rxb7 Rab8 25. Rfb1 Rxb7 26. Rxb7 a5 27. Rb5 Bc3 28.
Rb6 Rd8 29. Nh4 Kf8 30. Nf5 Bxf5 31. Bxf5 Ke7 32. Kf3 Kf6 33. Bh3 Ke5 34. Rb7 Kd4 35. Bf1 Rf8 36. Re7 Bd2 37. Re4+ Kc3 38. Re7 Kb4 39.
Rb7+ Kxa4 40. Rb6 Bb4 41. Ke2 Kb3 42. Kd3 a4 43. Be2 a3 44. Bd1+ Kb2 45. Ra6 a2 46.
Rxa2+ Kxa2 47. Ke4 Re8+ 48. Kf5 Bc3 49. Bh5 Re7 50. f4 Kb2 51. Bg4 Kb3 52. Be2 Rxe2 53. Kg4 Kxc4 0-1

[Event "*** Titled Tuesday Blitz"]
[Site "Chess.com"]
[Date "2021.04.20"]
[Round "7"]
[White "Grineva_Marianna"]
[Black "Hangar-18"]
[Result "0-1"]
[WhiteElo "2222"]
[BlackElo "2348"]
[TimeControl "180+1"]
[EndTime "11:16:00 PDT"]
[Termination "Hangar-18 won by checkmate"]

1. e4 c6 2. d4 d5 3. e5 c5 4. dxc5 e6 5. a3 Bxc5 6. Nf3 Nd7 7. b4 Be7 8. Bd3 a5 9. b5 f6 10. Bb2 fxe5 11. Nxe5 Ngf6 12. O-O O-O 13. Nd2 Bd6 14. Ndf3 Qc7 15. Qe2 Nc5 16. Rac1 Nfe4 17. h3 a4 18. Qe3 Qe7 19. c4 Nxd3 20. Qxd3 Nc5 21. Qe3 Ne4 22. Nd3 b6 23. cxd5 exd5 24. Rfe1 Bd7 25. Qxb6 Rab8 26. Qd4 Be6 27. b6 Rxf3 28. gxf3 Qg5+ 29. Kf1 Bxh3+ 30.
Ke2 Qd2# 0-1

[Event "*** Titled Tuesday Blitz"]
[Site "Chess.com"]
[Date "2021.04.20"]
[Round "7"]
[White "SanchezKelvin"]
[Black "TimKett"]
[Result "1-0"]
[WhiteElo "140"]
[BlackElo "2239"]
[TimeControl "180+1"]
[EndTime "11:16:01 PDT"]
[Termination "SanchezKelvin won by resignation"]

1. d4 f5 2. Nf3 Nf6 3. g3 e6 4.
Bg2 Be7 5. O-O O-O 6. c4 d6 7.
Nc3 Qe8 8. Re1 Ne4 9. Qc2 Nxc3 10. bxc3 Nd7 11. Rb1 Nf6 12. Bg5 Ne4 13. Bxe7 Qxe7 14.
Nd2 d5 15. Nxe4 fxe4 16. e3 c6 17. Rf1 e5 18. cxd5 cxd5 19. c4 exd4 20. cxd5 dxe3 21. fxe3 Bf5 22. Qb3 Qd6 23. Qxb7 Rab8 24. Qc6 Qxc6 25. dxc6 Rxb1 26. Rxb1 Rc8 27. Rc1 Kf7 28. Bf1 Ke7 29.
Ba6 Rc7 30. Bb7 Kd6 31. a4 a5 32. Rd1+ Kc5 33. Rb1 Bg4 34. Rb5+ Kc4 35. Rxa5 Kd3 36. Rd5+ Kxe3 37. a5 Kf3 38. a6 e3 39. a7 Re7 40.
Rd1 e2 41. Re1 Re8 42. a8=Q Rxa8 43. Bxa8 Ke3 44. Bb7 Kd2 45. Kf2 1-0

[Event "*** Titled Tuesday Blitz"]
[Site "Chess.com"]
[Date "2021.04.20"]
[Round "7"]
[White "GM_dmitrij"]
[Black "ChessLover0108"]
[Result "1-0"]
[WhiteElo "2903"]
[BlackElo "2720"]
[TimeControl "180+1"]
[EndTime "11:16:02 PDT"]
[Termination "GM_dmitrij won by resignation"]

1. e4 c5 2. Nf3 d6 3. Bb5+ Bd7 4.
Bxd7+ Qxd7 5. c4 Nf6 6. Nc3 g6 7. d4 cxd4 8. Nxd4 Bg7 9. f3 O-O 10. Be3 Rc8 11. b3 Nc6 12. O-O Qd8 13. Qd3 a6 14.
Rac1 Rab8 15. Nxc6 Rxc6 16. Rfd1 Nd7 17. Nd5 Nf6 18.
c5 Rbc8 19. cxd6 Qxd6 20. Rxc6 Rxc6 21. Bf4 Qc5+ 22. Be3 Qa3 23. e5 Nxd5 24. Qxd5 h5 25. Rd2 Qc1+ 26. Kf2 Qh1 27. Qd8+ Kh7 28. Re2 Qxh2 29. Qxe7 Rc1 30. Bxc1 1-0

[Event "*** Titled Tuesday Blitz"]
[Site "Chess.com"]
[Date "2021.04.20"]
[Round "7"]
[White "ErikBlomqvist"]
[Black "MarcoRiehle"]
[Result "0-1"]
[WhiteElo "2579"]
[BlackElo "2710"]
[TimeControl "180+1"]
[EndTime "11:16:02 PDT"]
[Termination "MarcoRiehle won by resignation"]

1. e4 e5 2. Bc4 Nf6 3. d3 Nc6 4. a3 Bc5 5. Nc3 d6 6. h3 a6 7. Nge2 Nd4 8. Nxd4 Bxd4 9. Ne2 Bb6 10. Ng3 c6 11.
O-O h6 12. Be3 O-O 13. Bxb6 Qxb6 14. Bb3 Be6 15. Bxe6 fxe6 16. Rb1 Rf7 17. b4 Raf8 18. c3 g6 19. Qd2 Kg7 20. Rbe1 h5 21. Kh2 h4 22. Ne2 Nh5 23. f3 Qd8 24. d4 Qf6 25.
Rd1 exd4 26. Qxd4 d5 27. c4 e5 28. Qf2 d4 29. c5 Ng3 30. Nxg3 Qf4 31. Rd3 a5 32.
Kg1 hxg3 33. Qd2 Qxd2 34. Rxd2 axb4 35. axb4 Ra8 36. f4 Rxf4 37. Rxf4 exf4 38. Kf1 g5 39. Rxd4 Ra1+ 40. Ke2 Ra2+ 41. Kf3 Rf2+ 42. Kg4 Rxg2 43.
Kxg5 f3 44. Rd7+ Kf8 45. Kf6 Ke8 46. Rd1 f2 47. e5 f1=Q+ 0-1

[Event "*** Titled Tuesday Blitz"]
[Site "Chess.com"]
[Date "2021.04.20"]
[Round "7"]
[White "canary2016"]
[Black "BJthechessgod"]
[Result "0-1"]
[WhiteElo "2019"]
[BlackElo "2287"]
[TimeControl "180+1"]
[EndTime "11:16:02 PDT"]
[Termination "BJthechessgod won by checkmate"]

1. d4 Nf6 2. c4 e6 3. g3 Bb4+ 4. Nd2 O-O 5. Bg2 d5 6. Nf3 dxc4 7. O-O c3 8. bxc3 Bxc3 9. Rb1 Nc6 10. e3 Rb8 11. Qc2 Ba5 12. Nc4 Bb6 13. Ba3 Re8 14. Rfd1 Bd7 15. Nfd2 Nd5 16. Ne4 Na5 17. Nc5 Nxc4 18.
Qxc4 Bc6 19. e4 Nf6 20. Rbc1 Bxc5 21. dxc5 Qe7 22. Bb2 Rbd8 23. Be5 Rxd1+ 24. Rxd1 Rd8 25. Rxd8+ Qxd8 26. Qc2 a6 27. Bf3 h6 28. Kg2 Nd7 29.
Bf4 e5 30. Be3 Qe7 31. Be2 Nf8 32. Bf3 Ne6 33. Qd2 Nxc5 34. Qc2 Ne6 35. a4 Nd4 36. Bxd4 exd4 37. Qd3 Qc5 38. Be2 Qc3 39. Qxc3 dxc3 40. Bd3 Bxa4 41. Kf1 c2 42. Bxc2 Bxc2 43. Ke2 Bxe4 44.
f3 Bxf3+ 45. Ke3 a5 46. Kxf3 a4 47. Ke3 a3 48. Kd3 a2 49. Kc3 a1=Q+ 50. Kd3 Qh1 51. Ke3 Qxh2 52. Kf3 b5 53. Kf4 b4 54. Kg4 b3 55. Kf4 b2 56. Kf3 b1=Q 57. Kf4 Qf2+ 58. Kg4 Qbf5+ 59. Kh4 Qh2# 0-1

[Event "*** Titled Tuesday Blitz"]
[Site "Chess.com"]
[Date "2021.04.20"]
[Round "7"]
[White "ChampStan"]
[Black "NONmaster99"]
[Result "1-0"]
[WhiteElo "2102"]
[BlackElo "2298"]
[TimeControl "180+1"]
[EndTime "11:16:03 PDT"]
[Termination "ChampStan won by checkmate"]

1. d4 g6 2. c4 Bg7 3. Nf3 c5 4.
g3 cxd4 5. Nxd4 Nc6 6. e3 Nf6 7. Bg2 O-O 8. O-O Nxd4 9. exd4 d5 10. cxd5 Nxd5 11. Nc3 Be6 12. Re1 Rc8 13. Bg5 h6 14. Bxd5 hxg5 15. Bxe6 fxe6 16. Rxe6 Qxd4 17. Qe2 Rf6 18.
Rxe7 Rcf8 19. Ne4 Rf3 20. Rd1 Qxb2 21. Qc4+ Kh8 22. Rf1 Bd4 23. Nxg5 Rxf2 24. Rh7# 1-0

[Event "*** Titled Tuesday Blitz"]
[Site "Chess.com"]
[Date "2021.04.20"]
[Round "7"]
[White "scarabee43"]
[Black "Apocalyps999"]
[Result "1-0"]
[WhiteElo "2638"]
[BlackElo "2440"]
[TimeControl "180+1"]
[EndTime "11:16:04 PDT"]
[Termination "scarabee43 won by resignation"]

1. Nf3 d5 2. c4 c6 3. e3 Nf6 4. Nc3 Nbd7 5. d4 e6 6. Bd3 Bd6 7. O-O O-O 8. e4 dxc4 9. Bxc4 e5 10. Re1 Qc7 11. Bf1 exd4 12. Qxd4 Ne5 13. Nh4 Re8 14. f4 Ned7 15. Qd2 Bc5+ 16. Kh1 Ng4 17. Na4 Nf2+ 18. Kg1 Nxe4+ 19. Nxc5 Ndxc5 20. Qc2 Qe7 21. Nf3 Bf5 22. Nd4 Qh4 23. Be3 Bg6 24. b4 Nd7 25. f5 Bh5 26. g3 Nxg3 27. Qf2 Rxe3 28.
Rxe3 Nxf1 29. Qxh4 Nxe3 30. Qe7 Nd5 31. Qxd7 Nxb4 32.
Qxb7 1-0

[Event "*** Titled Tuesday Blitz"]
[Site "Chess.com"]
[Date "2021.04.20"]
[Round "7"]
[White "Cuajada_Zero"]
[Black "MIJuanReyesRosa"]
[Result "1-0"]
[WhiteElo "2306"]
[BlackElo "2042"]
[TimeControl "180+1"]
[EndTime "11:16:08 PDT"]
[Termination "Cuajada_Zero won on time"]

1. d4 e6 2. c4 a6 3. Nc3 c5 4. d5 exd5 5. cxd5 b5 6. g3 d6 7. Bg2 Nf6 8. Nf3 g6 9. O-O Bg7 10. a4 b4 11. Nb1 O-O 12. Nfd2 Nbd7 13. Nc4 Nb6 14. Nxb6 Qxb6 15. Nd2 Bb7 16. Nc4 Qc7 17. e4 Rfe8 18. Re1 Nd7 19. Bf4 Ne5 20. Bxe5 Bxe5 21. a5 Re7 22. h3 Rae8 23. Kh2 Bd4 24. Qd2 Bc8 25. f4 Bd7 26. e5 Bb5 27. Nxd6 Bxe5 28. Nxe8 Rxe8 29. fxe5 Rxe5 30. d6 1-0

[Event "*** Titled Tuesday Blitz"]
[Site "Chess.com"]
[Date "2021.04.20"]
[Round "7"]
[White "korbul"]
[Black "Piotrek1979"]
[Result "1-0"]
[WhiteElo "2587"]
[BlackElo "2412"]
[TimeControl "180+1"]
[EndTime "11:16:09 PDT"]
[Termination "korbul won by resignation"]

1. e4 c6 2. Nf3 d5 3. Nc3 dxe4 4.
Nxe4 Nf6 5. Ng3 Bg4 6. h3 Bxf3 7.
Qxf3 e6 8. c3 Bd6 9. d4 Nbd7 10. Bd3 O-O 11. O-O Qc7 12. Ne4 Nxe4 13. Qxe4 Nf6 14. Qe2 c5 15. dxc5 Qxc5 16. Be3 Qc7 17.
Bg5 Bh2+ 18. Kh1 Bf4 19. Bxf6 gxf6 20. Qh5 f5 21. Rad1 Kh8 22. g3 Be5 23. Rfe1 Rad8 24. Qf3 Rg8 25. Bc2 Rxd1 26. Rxd1 Bxg3 27. fxg3 Rxg3 28.
Qf1 Qc6+ 29. Kh2 f4 30. Rd2 h5 31. Rf2 h4 32. Qe2 f3 33. Qe4 f5 34. Qxh4+ Kg7 35.
Qxg3+ Kf6 36. Qxf3 1-0

[Event "*** Titled Tuesday Blitz"]
[Site "Chess.com"]
[Date "2021.04.20"]
[Round "7"]
[White "northridgehawk"]
[Black "DrCeltic"]
[Result "1-0"]
[WhiteElo "2334"]
[BlackElo "2479"]
[TimeControl "180+1"]
[EndTime "11:16:09 PDT"]
[Termination "northridgehawk won by checkmate"]

1. e4 c5 2. Nf3 e6 3. d4 cxd4 4. Nxd4 a6 5. c3 d6 6. g3 Nf6 7. Bg2 Be7 8. O-O O-O 9. a4 Qc7 10. Na3 Bd7 11. h3 Nc6 12. Ne2 Rac8 13. Be3 Ne5 14. Nd4 Rfd8 15. f4 Nc4 16. Nxc4 Qxc4 17. a5 Bf8 18. Rf2 Be8 19. Rd2 e5 20. fxe5 dxe5 21.
Nf3 Rxd2 22. Nxd2 Qd3 23. Qe1 Qb5 24. Qb1 Bc5 25. Nf1 Bxe3+ 26. Nxe3 Bc6 27. Kh2 Qe2 28. Qe1 Qxb2 29. Rb1 Qa2 30. Ra1 Qb2 31. Rb1 Qa3 32. Nf5 g6 33. Nh6+ Kg7 34. Qe3 Bb5 35. Nf5+ gxf5 36.
Qg5+ Kf8 37. Qxf6 Qe7 38. Qh8# 1-0

[Event "*** Titled Tuesday Blitz"]
[Site "Chess.com"]
[Date "2021.04.20"]
[Round "7"]
[White "shineatchess"]
[Black "KetiGrant"]
[Result "1-0"]
[WhiteElo "2235"]
[BlackElo "2327"]
[TimeControl "180+1"]
[EndTime "11:16:10 PDT"]
[Termination "shineatchess won on time"]

1. e3 Nf6 2. d4 g6 3. c3 Bg7 4. Bd3 O-O 5. h4 d6 6. Nd2 Nbd7 7. h5 e5 8. hxg6 fxg6 9. Nh3 d5 10. Ng5 Qe7 11.
Nxh7 Nxh7 12. Bxg6 Nhf6 13. Qf3 Nb6 14. a4 exd4 15.
cxd4 Be6 16. b3 Nc8 17. Ba3 Nd6 18. Rc1 Rad8 19. Qg3 Bf7 20. Bf5 Bh5 21. Qh3 Kf7 22. g4 Bg6 23. Bxg6+ Kxg6 24. g5 Rh8 25. Qg2 Nfe4 26.
Nf3 c6 27. Nh4+ Rxh4 28. Rxh4 Qe6 29. Ke2 1-0

[Event "*** Titled Tuesday Blitz"]
[Site "Chess.com"]
[Date "2021.04.20"]
[Round "7"]
[White "gmpeter008"]
[Black "aaaao"]
[Result "1-0"]
[WhiteElo "2493"]
[BlackElo "2626"]
[TimeControl "180+1"]
[EndTime "11:16:11 PDT"]
[Termination "gmpeter008 won by resignation"]

1. Nf3 Nf6 2. d4 g6 3. Bf4 Bg7 4. e3 O-O 5. c4 d6 6. Nc3 Nfd7 7. Be2 e5 8. Bg3 f5 9. c5 exd4 10. exd4 dxc5 11. Nd5 Na6 12. Bxa6 bxa6 13. Nxc7 f4 14. Nxa8 fxg3 15. Qb3+ Kh8 16. hxg3 Re8+ 17. Kf1 cxd4 18. Rc1 a5 19. Nc7 Re7 20. Ng5 Nf6 21. Nf7+ Rxf7 22.
Qxf7 d3 23. Ne6 Bxe6 24. Qxe6 d2 25. Rd1 Nh5 26. Rxh5 gxh5 27. Qe2 Bh6 28. Qe5+ Kg8 29. Qxh5 Qd3+ 30. Qe2 Qc2 31. Qe6+ Kg7 32. Qb3 Qc6 33. a4 Kg6 34. Qd3+ Kg7 35. Qc3+ Qxc3 36. bxc3 Bg5 37.
Ke2 Kf7 38. Rxd2 1-0

[Event "*** Titled Tuesday Blitz"]
[Site "Chess.com"]
[Date "2021.04.20"]
[Round "7"]
[White "GelmanAlexander"]
[Black "PavelShkapenko"]
[Result "0-1"]
[WhiteElo "2585"]
[BlackElo "2713"]
[TimeControl "180+1"]
[EndTime "11:16:13 PDT"]
[Termination "PavelShkapenko won on time"]

1. d4 Nf6 2. Nc3 d5 3. Bf4 c5 4.
e3 cxd4 5. exd4 a6 6. Nf3 Nc6 7. Ne5 Qb6 8. Nxc6 Qxc6 9. Qd2 Bf5 10. f3 e6 11. g4 Bg6 12. h4 h6 13. a3 Rc8 14. h5 Bh7 15. Kf2 Qb6 16. Rb1 Be7 17. Kg2 Nd7 18. Be2 Qc6 19. Bd3 Bxd3 20. cxd3 Qb6 21. Ne2 Bf6 22. Rbc1 O-O 23. Be3 Nb8 24.
g5 hxg5 25. Bxg5 Bxd4 26. h6 Qxb2 27. hxg7 Bxg7 28. Qe3 Rxc1 29. Rxc1 Qe5 30. Qd2 Nc6 31. Rh1 Qb2 32. Qxb2 Bxb2 33. Rb1 Bxa3 34. Rxb7 Rc8 35.
Bf6 Bf8 36. Kf2 Bg7 37. Bxg7 Kxg7 38. Rb6 a5 39. Ra6 Nb4 40. Rxa5 Nxd3+ 41. Ke3 Ne5 42. f4 Nc4+ 0-1

[Event "*** Titled Tuesday Blitz"]
[Site "Chess.com"]
[Date "2021.04.20"]
[Round "7"]
[White "suyu28"]
[Black "Aslanov_Umid"]
[Result "1-0"]
[WhiteElo "2610"]
[BlackElo "2464"]
[TimeControl "180+1"]
[EndTime "11:16:14 PDT"]
[Termination "suyu28 won on time"]

1. d4 d5 2. c4 e6 3. Nc3 c6 4.
e4 dxe4 5. Nxe4 Bb4+ 6. Nc3 c5 7. Nf3 Nf6 8. Be3 O-O 9. a3 Ba5 10. dxc5 Bxc3+ 11. bxc3 Qa5 12. Qb3 Na6 13. Be2 Nxc5 14. Qb4 Qxb4 15. cxb4 Nce4 16. Rc1 Bd7 17. O-O a6 18.
Ne5 Bc6 19. Rfd1 Rfd8 20. Rxd8+ Rxd8 21. Nxc6 bxc6 22. Rd1 Rxd1+ 23. Bxd1 Nd7 24. c5 Nc3 25. Bc2 Ne5 26. Kf1 Nc4 27. Bc1 Nb5 28. a4 Nc7 29. Ke2 f6 30. Be4 Nd5 31. Bd3 Ne5 32. Bxa6 Nxb4 33.
Bb7 Kf7 34. a5 Nd5 35. a6 Nc7 36. Bf4 Ke7 37. a7 1-0

[Event "*** Titled Tuesday Blitz"]
[Site "Chess.com"]
[Date "2021.04.20"]
[Round "7"]
[White "GMJustin"]
[Black "Joseacorrea"]
[Result "0-1"]
[WhiteElo "2297"]
[BlackElo "2083"]
[TimeControl "180+1"]
[EndTime "11:16:14 PDT"]
[Termination "Joseacorrea won on time"]

1. d4 e6 2. e4 c5 3. d5 exd5 4. exd5 d6 5. Nf3 Nf6 6. Be2 Bg4 7. O-O Bxf3 8. Bxf3 g6 9. Re1+ Be7 10. Bh6 Nbd7 11. Nc3 a6 12. a4 Qc7 13. a5 Ne5 14. g3 Bf8 15. Rxe5+ dxe5 16. d6 Qxd6 17. Qxd6 Bxd6 18. Bg7 Ke7 19. Bxb7 Rhb8 20. Bxa8 Rxa8 21. Rd1 Nh5 22. Nd5+ Ke6 23. Bh6 Rb8 24. Nb6 Bc7 25. Nc4 Rd8 26.
Rxd8 Bxd8 27. Kf1 Nf6 28. Be3 Kd5 29. b3 Nd7 30. Ke2 f5 31. f3 g5 32. Bd2 f4 33.
Bc3 Bc7 34. Nd2 Nf6 35. Kd3 fxg3 36. hxg3 h5 37. Ne4 Nxe4 38. fxe4+ Ke6 39. Bd2 h4 40. gxh4 gxh4 41. Be1 h3 42. Bg3 Bd8 43. Ke2 Bh4 44. Bh2 Bg5 45. Kf3 Bf4 46. Bg1 h2 47. Bxh2 Bxh2 0-1

[Event "*** Titled Tuesday Blitz"]
[Site "Chess.com"]
[Date "2021.04.20"]
[Round "7"]
[White "Didici"]
[Black "anon102030"]
[Result "0-1"]
[WhiteElo "2595"]
[BlackElo "2733"]
[TimeControl "180+1"]
[EndTime "11:16:17 PDT"]
[Termination "anon102030 won by resignation"]

1. e4 e5 2. Nf3 Nc6 3. Bc4 Bc5 4. c3 Nf6 5. d4 exd4 6. e5 d5 7. Bb5 Ne4 8. cxd4 Bb6 9. Nc3 O-O 10. Be3 Bg4 11. h3 Bxf3 12. gxf3 Nxc3 13. bxc3 f6 14. f4 Ne7 15. Bd3 Qd7 16. Qg4 f5 17. Qg5 Ba5 18.
Rc1 c5 19. Ke2 c4 20. Bb1 b5 21. a3 Bd8 22. h4 a5 23. h5 Nc6 24. Qg2 b4 25. axb4 axb4 26. cxb4 Nxb4 27. Rxc4 Qb5 28. Rc1 Rc8 29. Kf3 Rxc4 30. Rg1 Rc7 31. Qh3 Nc2 32. h6 g6 33. Qh5 Qd3 34. Rxg6+ hxg6 35. Qxg6+ Kh8 36. Bxc2 Qxc2 37. h7 Qe4+ 38. Kg3 Rg7 0-1

[Event "*** Titled Tuesday Blitz"]
[Site "Chess.com"]
[Date "2021.04.20"]
[Round "7"]
[White "Harald_Schmidt"]
[Black "Nozdrachev_Leonid"]
[Result "0-1"]
[WhiteElo "2400"]
[BlackElo "2555"]
[TimeControl "180+1"]
[EndTime "11:16:18 PDT"]
[Termination "Nozdrachev_Leonid won on time"]

1. e4 d6 2. d4 Nf6 3. Nc3 e5 4. Nf3 Nbd7 5. h3 Be7 6. Bg5 O-O 7. Qd2 h6 8. Be3 d5 9. dxe5 Nxe4 10. Qxd5 Nxc3 11.
bxc3 c6 12. Qe4 Nc5 13. Bxc5 Bxc5 14. Bd3 g6 15. Qf4 Kg7 16. h4 Qe7 17. h5 g5 18.
Qe4 f5 19. exf6+ Rxf6 20. O-O Qxe4 21. Bxe4 Bg4 22. Rab1 Bb6 23. Nd4 Bxh5 24. a4 Re8 25.
Rfe1 Bg6 26. Bxg6 Rxe1+ 27. Rxe1 Kxg6 28. Re7 Rf7 29. Rxf7 Kxf7 30. Nf5 h5 31. Kf1 h4 0-1

[Event "*** Titled Tuesday Blitz"]
[Site "Chess.com"]
[Date "2021.04.20"]
[Round "7"]
[White "WinstonSilvakov"]
[Black "Chernov_Alexander_A"]
[Result "0-1"]
[WhiteElo "2076"]
[BlackElo "2294"]
[TimeControl "180+1"]
[EndTime "11:16:18 PDT"]
[Termination "Chernov_Alexander_A won by resignation"]

1. d4 Nf6 2. e3 e6 3. Bd3 d5 4. Nd2 c5 5. c3 Be7 6. f4 O-O 7. Ngf3 b6 8. Qe2 Bb7 9. Ne5 Nbd7 10. O-O Ne4 11. Nxe4 dxe4 12. Bc2 f6 13. Nxd7 Qxd7 14. Bd2 cxd4 15. exd4 f5 16. Be3 h6 17. Bb3 Kh7 18. g4 g6 19. gxf5 gxf5 20. Kh1 Rg8 21. Rg1 Bd5 22. Rxg8 Rxg8 23. Rg1 Rxg1+ 24. Kxg1 Bf6 25.
Qh5 Qg7+ 26. Kf2 Qg6 27. Qxg6+ Kxg6 28. c4 Bb7 29. Ba4 Kf7 30. b4 Bh4+ 31. Ke2 Be7 32. c5 bxc5 33. bxc5 Bd5 34. Bb3 Bd8 35. Kd2 Ba5+ 36.
Kc2 Ke7 37. Bxd5 exd5 38. Kb3 a6 39. Ka4 Be1 40. Kb3 Kd7 41. a4 Kc6 42. Kc2 h5 43. Bd2 Bh4 44. Kb3 Bf2 45. Kc2 e3 46. Bc3 e2 0-1